[Event "*** Titled Tuesday Blitz"]
[Site "Chess.com"]
[Date "2020.10.20"]
[Round "4"]
[White "ChronicUnhappiness"]
[Black "anon481216"]
[Result "1-0"]
[WhiteElo "2294"]
[BlackElo "2411"]
[TimeControl "180+1"]
[EndTime "10:41:07 PDT"]
[Termination "ChronicUnhappiness won by resignation"]

1. c4 e6 2. d4 d5 3. Nc3 c6 4. e3 Nf6 5. Nf3 Nbd7 6. b3 Bd6 7. Bb2 O-O 8. Bd3 b6 9. O-O Bb7 10. e4 dxe4 11. Nxe4 Nxe4 12. Bxe4 Nf6 13. Bc2 c5 14. Ne5 Qc7 15. Re1 Rad8 16. Qd3 Bxe5 17. Rxe5 Qxe5 18. dxe5 Rxd3 19. Bxd3 Ne4 20. f3 Ng5 21. h4 Nxf3+ 22. gxf3 Bxf3 23. Kf2 Bc6 24. Be2 Rd8 25. Rd1 Rxd1 26. Bxd1 Be4 27. Ke3 Bb1 28. a3 Kf8 29. b4 cxb4 30. axb4 Ke7 31. Bd4 Kd7 32.
Ba4+ Kd8 33. c5 bxc5 34. bxc5 a6 35. Bc3 Ba2 36. Ba5+ Kc8 37. c6 Bd5 38. c7 f5 39.
exf6 gxf6 40. Bc2 h6 41. Bd3 Bb7 42. Be4 Bxe4 43. Kxe4 Kd7 44. h5 Kc8 45. Kd4 Kb7 46.
Kc5 e5 47. Kd6 Kc8 48. Ke6 1-0

[Event "*** Titled Tuesday Blitz"]
[Site "Chess.com"]
[Date "2020.10.20"]
[Round "4"]
[White "Skat2704"]
[Black "orestn"]
[Result "0-1"]
[WhiteElo "1196"]
[BlackElo "2435"]
[TimeControl "180+1"]
[EndTime "10:41:07 PDT"]
[Termination "orestn won by resignation"]

1. d4 Nf6 2. Nf3 e6 3. c4 c5 4. d5 exd5 5. cxd5 d6 6. Nc3 g6 7.
h3 Bg7 8. e4 O-O 9. Bd3 a6 10.
a4 Nbd7 11. O-O Rb8 12. Re1 Re8 13. Bf4 Nf8 14. Nd2 Nh5 15. Bh2 Be5 16. Bxe5 dxe5 17. a5 Nf4 18. Bf1 Bd7 19. Nc4 Bb5 20. Nxb5 axb5 21. Ne3 c4 22. g3 Nh5 23. b3 Ra8 24. bxc4 Rxa5 25. cxb5 Nd7 26. Nc4 Rxa1 27. Qxa1 Qc7 28.
Rc1 Qb8 29. Qa3 Rc8 30. Rd1 Qc7 31. d6 Qc5 32. Qxc5 Rxc5 33. Ra1 Nhf6 34. Ra8+ Kg7 35. f3 Rxb5 36. g4 h6 37. h4 g5 38.
hxg5 hxg5 39. Kf2 Rb1 40. Ne3 Rb2+ 41. Kg3 Rb3 42. Nf5+ Kh7 43. Bc4 Nxe4+ 44. Kg2 Rb2+ 45. Kh3 Nd2 46. Bxf7 Nf1 47. Bg8+ Kg6 48. Ne7+ Kf6 49.
Nd5+ Kg7 0-1

[Event "*** Titled Tuesday Blitz"]
[Site "Chess.com"]
[Date "2020.10.20"]
[Round "4"]
[White "Astaneh"]
[Black "LittlePeasant"]
[Result "0-1"]
[WhiteElo "2509"]
[BlackElo "2804"]
[TimeControl "180+1"]
[EndTime "10:41:08 PDT"]
[Termination "LittlePeasant won by resignation"]

1. d4 Nf6 2. Nf3 d5 3. c4 e6 4. Nc3 dxc4 5. e4 b5 6. e5 Nd5 7. Nxb5 Nb6 8. Be2 Nc6 9. O-O Be7 10. Be3 Qd7 11. Nc3 Rb8 12. Rc1 Ba6 13. Qd2 O-O 14.
Rfd1 Nb4 15. Bg5 Rfd8 16. a3 Nd3 17. Bxd3 cxd3 18. Ne4 Bb5 19. Nf6+ gxf6 20. Bxf6 Bxf6 21. exf6 Kh8 22. Ne5 Qe8 23. Rxc7 Nd7 24. Qh6 Qg8 25. Nxd3 Qg6 26. Qxg6 hxg6 27. h3 Kg8 28. b4 a6 29. Nc5 Nxf6 30. Nb7 Rd7 31. Rxd7 Nxd7 32. Nc5 Nb6 33. Rc1 Rd8 34. a4 Nxa4 35. Nxa4 Bxa4 36.
Rc4 Bb5 0-1

[Event "*** Titled Tuesday Blitz"]
[Site "Chess.com"]
[Date "2020.10.20"]
[Round "4"]
[White "Heineccius"]
[Black "ciucas1892"]
[Result "1-0"]
[WhiteElo "2522"]
[BlackElo "2340"]
[TimeControl "180+1"]
[EndTime "10:41:08 PDT"]
[Termination "Heineccius won on time"]

1. d4 g6 2. c4 Nf6 3. Nf3 Bg7 4. g3 O-O 5. Bg2 d5 6. O-O dxc4 7. Na3 c5 8. Nxc4 cxd4 9. Qxd4 Nc6 10. Qh4 Qc7 11.
Bf4 Qd7 12. Nce5 Nxe5 13. Bxe5 Qg4 14. Qxg4 Bxg4 15. Rfd1 Rfd8 16. Nd4 Nd5 17. Bxg7 Kxg7 18. h3 Bc8 19. Rac1 e5 20. Nb5 Be6 21. a3 a6 22.
e4 axb5 23. exd5 Bf5 24. Rc7 h5 25. d6 Ra6 26. d7 Rb6 27. Bxb7 b4 28. a4 b3 29. Bc8 1-0

[Event "*** Titled Tuesday Blitz"]
[Site "Chess.com"]
[Date "2020.10.20"]
[Round "4"]
[White "tlomigtlis"]
[Black "oogee"]
[Result "1-0"]
[WhiteElo "2563"]
[BlackElo "2163"]
[TimeControl "180+1"]
[EndTime "10:41:08 PDT"]
[Termination "tlomigtlis won on time"]

1. d4 Nf6 2. c4 g6 3. Nc3 Bg7 4.
g3 O-O 5. Bg2 d6 6. Nf3 Nc6 7.
O-O e5 8. d5 Nb8 9. e4 a5 10.
Ne1 Na6 11. Nd3 Nd7 12. h3 f5 13. f4 Nac5 14. fxe5 Nxd3 15. Qxd3 Nxe5 16. Qe2 b6 17. Be3 Ba6 18. Nb5 Qd7 19. a4 Rae8 20. Kh2 Bc8 21. Nd4 fxe4 22. Ne6 Rf3 23. Bd4 Rxe6 24. dxe6 Qxe6 25.
Qxe4 Ng4+ 26. Qxg4 Qxg4 27. hxg4 Rxf1 28. Bd5+ Rf7 29. Rf1 Bxd4 30. Rxf7 c6 31. Rf4+ cxd5 32. Rxd4 dxc4 33. Rxc4 Be6 34. Rc6 Bxg4 35. Rxd6 Be2 36. Rxb6 Bd1 37. b3 Bc2 38. Rb7 1-0

[Event "*** Titled Tuesday Blitz"]
[Site "Chess.com"]
[Date "2020.10.20"]
[Round "4"]
[White "mr65"]
[Black "jamalm2"]
[Result "0-1"]
[WhiteElo "2164"]
[BlackElo "1829"]
[TimeControl "180+1"]
[EndTime "10:41:08 PDT"]
[Termination "jamalm2 won by resignation"]

1. e4 c5 2. Nf3 e6 3. d4 cxd4 4.
c3 a6 5. cxd4 d5 6. e5 Nc6 7.
Nc3 Be7 8. Bd3 f6 9. exf6 Nxf6 10. O-O O-O 11. Bg5 h6 12. Bh4 Nh5 13. Bxe7 Qxe7 14. Rc1 Nf4 15. Bb1 Qf7 16. g3 Nh3+ 17. Kg2 e5 18.
Nxe5 Nxe5 19. dxe5 Ng5 20. Qxd5 Bh3+ 21. Kg1 Qxd5 22.
Nxd5 Nf3+ 23. Kh1 Bxf1 24. Rxf1 Nxe5 25. f4 Nc6 26. Bg6 Rad8 27. Ne3 Rd2 28. Nc4 Rd4 29. b3 b5 30. Ne3 Rd2 31. Rc1 Nd4 32. Rd1 Rxd1+ 33. Nxd1 Rc8 34. Kg2 Rc1 35. Ne3 Ra1 36. a4 Nxb3 37. axb5 axb5 38. Bd3 Nd4 39. Nc2 Ra2 40.
Kf1 Nxc2 0-1

[Event "*** Titled Tuesday Blitz"]
[Site "Chess.com"]
[Date "2020.10.20"]
[Round "4"]
[White "Flawless_Fighter"]
[Black "ViktoriyaTarasova"]
[Result "1-0"]
[WhiteElo "2569"]
[BlackElo "2251"]
[TimeControl "180+1"]
[EndTime "10:41:09 PDT"]
[Termination "Flawless_Fighter won by resignation"]

1. e4 e5 2. Nf3 Nc6 3. Bb5 Nf6 4. d3 Bc5 5. Bxc6 dxc6 6. h3 Bd6 7. Nbd2 Nd7 8. Nc4 O-O 9. O-O Qe7 10. b3 f6 11. a4 c5 12. Ne3 Qf7 13. Nf5 Re8 14. Bh6 Bf8 15. Be3 Nb8 16. Nd2 Nc6 17. f4 Bxf5 18.
exf5 exf4 19. Bxf4 Bd6 20. Ne4 Bxf4 21. Rxf4 b6 22.
Qg4 Nd4 23. Rf2 Rad8 24. Raf1 Nc6 25. Qg3 Ne5 26. Rf4 Rd4 27. Rh4 a6 28. Rff4 Nd7 29.
Kh2 Nf8 30. Rfg4 Kh8 31. Rg6 Rd5 32. Rh5 Rxf5 33. Rxg7 Qxg7 34. Rxf5 Re6 35. Qf3 Nd7 36. Qh5 Kg8 37. Rd5 Re5 38. Rxe5 Nxe5 39. Qe8+ Qf8 40. Nxf6+ Kg7 41. Nh5+ Kg8 42. Qxe5 1-0

[Event "*** Titled Tuesday Blitz"]
[Site "Chess.com"]
[Date "2020.10.20"]
[Round "4"]
[White "natelleka"]
[Black "ajgreen"]
[Result "0-1"]
[WhiteElo "2187"]
[BlackElo "2402"]
[TimeControl "180+1"]
[EndTime "10:41:09 PDT"]
[Termination "ajgreen won on time"]

1. e4 c5 2. Nf3 e6 3. d4 cxd4 4.
Nxd4 Nc6 5. Nb5 Nf6 6. N1c3 Bc5 7. Nd6+ Ke7 8. Nxc8+ Rxc8 9. Be2 Re8 10. O-O Kf8 11. Kh1 d5 12. exd5 Nxd5 13. Ne4 Be7 14. a3 Nf6 15.
Ng3 Qxd1 16. Rxd1 Red8 17. Be3 Nd5 18. Bd2 Nd4 19. Bd3 Nxc2 20. Rac1 Nd4 21. Be4 Nb3 22. Rxc8 Rxc8 23. Bxd5 Nxd2 24. Bxb7 Rc2 25. b4 Nc4 26. h3 Nxa3 27. Ra1 Bxb4 28. Ne4 a5 29. Kg1 h6 30. Kf1 Ke7 31. Ba6 f5 32. Ng3 g6 33. Ne2 e5 34.
Nc1 e4 35. Nb3 a4 36. Nd4 Rd2 37. Nc6+ Kd6 38. Nxb4 Nc2 39. Ra2 Rd1+ 40. Ke2 Nxb4 41. Rxa4 Rd4 0-1

[Event "*** Titled Tuesday Blitz"]
[Site "Chess.com"]
[Date "2020.10.20"]
[Round "4"]
[White "Kildepiotr"]
[Black "AustrianFalcon"]
[Result "1-0"]
[WhiteElo "2662"]
[BlackElo "2443"]
[TimeControl "180+1"]
[EndTime "10:41:10 PDT"]
[Termination "Kildepiotr won by checkmate"]

1. Nf3 g6 2. g3 Bg7 3. d4 c5 4.
c3 b6 5. Bg2 Bb7 6. O-O Nf6 7.
Bg5 O-O 8. Nbd2 d6 9. a4 a6 10. Qb3 Nbd7 11. Rfe1 Ne4 12. Nxe4 Bxe4 13. Red1 h6 14. Bf4 Qc7 15. d5 b5 16. axb5 axb5 17. Qxb5 Rxa1 18. Rxa1 Rb8 19. Qc4 Bxf3 20. Bxf3 Rxb2 21.
Ra6 g5 22. Be3 Ne5 23. Qe4 Nxf3+ 24. Qxf3 Bxc3 25. Bxg5 hxg5 26. Qxc3 Rb1+ 27. Kg2 Qb7 28. Rc6 Rb6 29. Rxb6 Qxb6 30. Qe3 Kf8 31. Qxg5 c4 32. h4 Qc5 33. h5 e6 34. e4 exd5 35. exd5 Qd4 36.
h6 Qe4+ 37. Kh2 Ke8 38. Qg8+ Ke7 39. h7 Qf3 40. Qg5+ Kd7 41. Kg1 Qd1+ 42. Kg2 c3 43. h8=Q c2 44. Qgd8# 1-0

[Event "*** Titled Tuesday Blitz"]
[Site "Chess.com"]
[Date "2020.10.20"]
[Round "4"]
[White "Shivagami"]
[Black "AleksibFan"]
[Result "0-1"]
[WhiteElo "2255"]
[BlackElo "2577"]
[TimeControl "180+1"]
[EndTime "10:41:10 PDT"]
[Termination "AleksibFan won on time"]

1. d4 d5 2. c4 c6 3. Nc3 Nf6 4. cxd5 cxd5 5. Bf4 Nc6 6. e3 a6 7. Bd3 e6 8. Nge2 Bd6 9. O-O O-O 10. a3 b5 11. b4 Bb7 12. Rc1 Bxf4 13. Nxf4 Qe7 14. Bb1 Nd7 15. Qc2 g6 16. Nd3 Nb6 17. Nc5 Nc4 18.
Qa2 a5 19. Nxb5 axb4 20. a4 N6a5 21. Rfd1 Bc6 22. Qe2 Rfb8 23. e4 Qd8 24. exd5 exd5 25.
Re1 Bxb5 26. axb5 Rxb5 27. Qf3 b3 28. Re2 Na3 29. Rce1 Nxb1 30. Rxb1 Nc4 31. Nxb3 Rab8 0-1

[Event "*** Titled Tuesday Blitz"]
[Site "Chess.com"]
[Date "2020.10.20"]
[Round "4"]
[White "thedjoker98"]
[Black "tan275"]
[Result "1-0"]
[WhiteElo "2565"]
[BlackElo "2172"]
[TimeControl "180+1"]
[EndTime "10:41:10 PDT"]
[Termination "thedjoker98 won by resignation"]

1. d4 d5 2. c4 e6 3. Nc3 Nf6 4. cxd5 exd5 5. Bg5 Be7 6. e3 c6 7. Bd3 Nbd7 8. Qc2 Nh5 9. Bxe7 Qxe7 10. Nge2 g6 11. O-O-O Nb6 12. Kb1 Bd7 13. Rhe1 f5 14.
f3 O-O-O 15. e4 fxe4 16. fxe4 dxe4 17. Bxe4 Qb4 18. a3 Qc4 19. Rc1 Nf6 20. Bd3 Qf7 21. Rf1 Qe7 22. Rce1 Kb8 23. Qd2 Rhf8 24. Qf4+ Ka8 25.
Ng3 Qg7 26. Qg5 Nfd5 27. Nxd5 Nxd5 28. Rxf8 Rxf8 29. Qe5 Qxe5 30. dxe5 Be6 31. Ne4 Nf4 32. Rf1 Rf7 33. Ng5 Nxd3 34. Nxf7 Bf5 35. Rxf5 gxf5 36. e6 Nc5 37. e7 1-0

[Event "*** Titled Tuesday Blitz"]
[Site "Chess.com"]
[Date "2020.10.20"]
[Round "4"]
[White "PotapovaM"]
[Black "kiborg1987"]
[Result "0-1"]
[WhiteElo "2524"]
[BlackElo "2821"]
[TimeControl "180+1"]
[EndTime "10:41:11 PDT"]
[Termination "kiborg1987 won by checkmate"]

1. d4 d6 2. e4 Nf6 3. Nc3 e5 4. Nf3 Nbd7 5. Bc4 Be7 6. O-O O-O 7. a4 c6 8. Re1 a5 9. h3 exd4 10. Nxd4 Nc5 11. Bf4 Be6 12. Nxe6 fxe6 13. e5 d5 14.
exf6 Bxf6 15. Bg3 dxc4 16. Bd6 Be7 17. Bxe7 Qxe7 18. Qd4 Rad8 19. Qxc4 Kh8 20. Re2 b6 21. Rae1 Qf6 22. b3 Rd4 23. Ne4 Nxe4 24. Qxc6 Nxf2 25.
Qxb6 Rf4 26. Rxe6 Qg5 27. Kh2 Nxh3 28. Qc6 Nf2 29. Re8 Ng4+ 30. Kg1 Qh4 31. Rxf8+ Rxf8 32. Qd6 Qf2+ 33. Kh1 Qxe1# 0-1

[Event "*** Titled Tuesday Blitz"]
[Site "Chess.com"]
[Date "2020.10.20"]
[Round "4"]
[White "fabianvivasz"]
[Black "Blitzstream"]
[Result "0-1"]
[WhiteElo "2447"]
[BlackElo "2667"]
[TimeControl "180+1"]
[EndTime "10:41:11 PDT"]
[Termination "Blitzstream won on time"]

1. e4 d5 2. exd5 Qxd5 3. Nc3 Qa5 4. d4 Nf6 5. Bd2 c6 6. Bd3 Bg4 7. Ne4 Bxd1 8. Nxf6+ gxf6 9. Bxa5 Bh5 10. f4 e6 11.
f5 Nd7 12. h3 exf5 13. Ne2 Bd6 14. O-O b6 15. Bd2 O-O-O 16. Bf4 Kc7 17. Bxd6+ Kxd6 18. Ng3 Bg6 19. Nxf5+ Kc7 20. Rae1 Rhe8 21. g4 Nf8 22. c3 Ne6 23. Kh2 c5 24. Bb5 Rh8 25. Rd1 h5 26. gxh5 Rxh5 27. Ng3 Rh4 28. Rxf6 cxd4 29.
cxd4 Nxd4 30. Rc1+ Kb8 31. Ba6 Rdh8 32. Kg2 Rxh3 33.
Kf2 Rh2+ 34. Ke3 Nc2+ 35. Kf4 Nb4 0-1

[Event "*** Titled Tuesday Blitz"]
[Site "Chess.com"]
[Date "2020.10.20"]
[Round "4"]
[White "Fh2411"]
[Black "Belka1989"]
[Result "1-0"]
[WhiteElo "2515"]
[BlackElo "2290"]
[TimeControl "180+1"]
[EndTime "10:41:11 PDT"]
[Termination "Fh2411 won on time"]

1. Nf3 d5 2. d4 Nf6 3. Bf4 c5 4. e3 Nc6 5. Nbd2 Qb6 6. dxc5 Qxc5 7. a3 Bg4 8. b4 Qc3 9. Bb5 Ne4 10. O-O Nxd2 11. Qxd2 Qxd2 12. Nxd2 a6 13. Bxc6+ bxc6 14. c4 e6 15. f3 Bh5 16. Rfc1 f6 17. Bc7 Kd7 18.
Ba5 Bd6 19. Nb3 e5 20. Bb6 Rhc8 21. Bc5 Bc7 22. Rd1 Ke6 23. Rac1 Bf7 24. Nd2 a5 25. b5 cxb5 26. cxb5 Bd8 27. a4 Rc7 28. Nb3 Rac8 29. Ba3 Rxc1 30. Rxc1 Rxc1+ 31. Bxc1 d4 32. exd4 Kd5 33.
Bd2 1-0

[Event "*** Titled Tuesday Blitz"]
[Site "Chess.com"]
[Date "2020.10.20"]
[Round "4"]
[White "Shahinyan_ChessMood"]
[Black "Sokoloco"]
[Result "1-0"]
[WhiteElo "2729"]
[BlackElo "2484"]
[TimeControl "180+1"]
[EndTime "10:41:13 PDT"]
[Termination "Shahinyan_ChessMood won by checkmate"]

1. e4 g6 2. d4 Bg7 3. Nc3 d6 4. Be3 Nf6 5. Qd2 O-O 6. O-O-O c6 7. Bh6 b5 8. f3 Nbd7 9. h4 e5 10. dxe5 dxe5 11. h5 Nxh5 12. Nge2 b4 13. Nb1 Ba6 14. Bxg7 Kxg7 15. Qxd7 Qa5 16. Qh3 Rad8 17. Rxd8 Rxd8 18. Qh4 b3 19. axb3 f6 20. Nec3 Qc5 21. Qe1 Ng3 22.
Qxg3 Qe3+ 23. Nd2 Rxd2 24. Kb1 Bc8 25. Bc4 Qc5 26. Qh4 h5 27. g4 a5 28. gxh5 g5 29.
h6+ Kh7 30. Qh5 Qf8 31. Bf7 Bd7 32. Qg6+ Kh8 33. Qxf6+ Kh7 34. Bg6+ Kg8 35. h7# 1-0

[Event "*** Titled Tuesday Blitz"]
[Site "Chess.com"]
[Date "2020.10.20"]
[Round "4"]
[White "Zmof"]
[Black "AndrewDGreen"]
[Result "0-1"]
[WhiteElo "2166"]
[BlackElo "2390"]
[TimeControl "180+1"]
[EndTime "10:41:13 PDT"]
[Termination "AndrewDGreen won by resignation"]

1. e4 c5 2. Nf3 g6 3. Bc4 Bg7 4.
O-O Nc6 5. c3 e6 6. d4 cxd4 7.
Nxd4 Nxd4 8. cxd4 d5 9. exd5 exd5 10. Re1+ Ne7 11. Bg5 f6 12. Bb5+ Bd7 13. Bxd7+ Qxd7 14. Bf4 O-O 15. Nc3 g5 16. Bg3 Nf5 17. Rc1 Rfe8 18. Qb3 Nxd4 19. Qxd5+ Qxd5 20. Nxd5 Ne2+ 21. Kf1 Nxc1 22.
Rxc1 Rad8 23. Ne3 Rd2 24. Rc7 Rxb2 25. h4 Rxa2 26. Rxb7 Rc8 27. Kg1 a5 28. Nf5 Bf8 29. hxg5 fxg5 30. Rd7 a4 31. Ne3 a3 32. Nd5 Rc6 33.
Be5 Bc5 34. Nf6+ Rxf6 35. Bxf6 Rxf2 36. Rd5 Rf5+ 37. Rxc5 Rxc5 0-1

[Event "*** Titled Tuesday Blitz"]
[Site "Chess.com"]
[Date "2020.10.20"]
[Round "4"]
[White "Triumphmate"]
[Black "CLG_Nemsko"]
[Result "1-0"]
[WhiteElo "2424"]
[BlackElo "2217"]
[TimeControl "180+1"]
[EndTime "10:41:13 PDT"]
[Termination "Triumphmate won by checkmate"]

1. e4 e5 2. Nf3 Nc6 3. Nc3 Nf6 4.
Bb5 a6 5. Bxc6 dxc6 6. Nxe5 Qe7 7.
d4 c5 8. Bg5 cxd4 9. Qxd4 Be6 10. O-O-O Qc5 11. f4 Qxd4 12. Rxd4 Bc5 13. Rd2 Be3 14.
Rd1 Bxd2+ 15. Rxd2 O-O 16. f5 Bc8 17. Bxf6 gxf6 18. Ng4 Kg7 19. Nd5 b5 20. Ndxf6 Bb7 21. Rd3 Rad8 22. Nh5+ Kh8 23. Re3 Rd4 24. Nhf6 Rfd8 25.
b3 Rd1+ 26. Kb2 Kg7 27. Rh3 Rh8 28. Rg3 Kf8 29. e5 Ke7 30. Nh6 Rhd8 31. Nhg8+ Kf8 32.
Nxh7+ Ke8 33. Nhf6+ Kf8 34. e6 fxe6 35. fxe6 Re8 36.
Nxe8 Kxe8 37. Rg7 Bd5 38. Nf6+ Kf8 39. Rf7# 1-0

[Event "*** Titled Tuesday Blitz"]
[Site "Chess.com"]
[Date "2020.10.20"]
[Round "4"]
[White "BJthechessgod"]
[Black "TokChess"]
[Result "0-1"]
[WhiteElo "2200"]
[BlackElo "2419"]
[TimeControl "180+1"]
[EndTime "10:41:14 PDT"]
[Termination "TokChess won by resignation"]

1. e4 c5 2. Nf3 e6 3. d4 cxd4 4.
Nxd4 a6 5. Nc3 b5 6. Be3 Bb7 7.
Bd3 Qc7 8. O-O Nf6 9. a3 d6 10.
f4 Nbd7 11. Nf3 Be7 12. Qe2 O-O 13. Rae1 Nc5 14. e5 Ng4 15. Bd4 Nxd3 16. Qxd3 dxe5 17. Nxe5 Rad8 18. Nxg4 Rxd4 19. Qg3 Rd2 20. Ne3 Bc5 21. Rf2 Rfd8 22. Kh1 Rxf2 23. Qxf2 Qc6 24. Rd1 Rc8 25. Rd3 h5 26. h4 a5 27. Kh2 b4 28. axb4 axb4 29. Ncd1 Qe4 30. Kg3 Qg6+ 31. Kh3 Be4 32. Rd2 Bb6 33. Qg3 Qf6 34. c3 bxc3 35. bxc3 Bc7 36.
Rf2 Rd8 37. Nb2 Bg6 38. Nbc4 Qxc3 39. Rf3 Qc1 40. Kh2 Rd4 41. Ne5 Bxe5 42. fxe5 Rb4 43. Qg5 Qd2 44. Kg3 Rb1 45. Qd8+ Qxd8 46. Kh3 Rh1+ 47.
Kg3 0-1

[Event "*** Titled Tuesday Blitz"]
[Site "Chess.com"]
[Date "2020.10.20"]
[Round "4"]
[White "esapunov"]
[Black "Alexander_Zubov"]
[Result "1/2-1/2"]
[WhiteElo "2760"]
[BlackElo "2914"]
[TimeControl "180+1"]
[EndTime "10:41:15 PDT"]
[Termination "Game drawn by agreement"]

1. c4 c5 2. Nf3 g6 3. d4 cxd4 4. Nxd4 Nf6 5. Nc3 d5 6. cxd5 Nxd5 7. Ndb5 Nxc3 8. Qxd8+ Kxd8 9. Nxc3 Bg7 10. Bd2 Bd7 11. g3 Bc6 12. f3 Nd7 13. e4 a6 14. Be2 e6 15. Rc1 Ke7 16. Be3 Rac8 17. Kf2 Rhd8 18. Rhd1 Ke8 19. b3 Bf8 20. Na4 Bxa4 21. bxa4 Bc5 22. f4 e5 23. Bg4 Bxe3+ 24. Kxe3 Rxc1 25. Rxc1 Nf6 26. Bc8 exf4+ 27. Kxf4 a5 28. Bxb7 Ke7 29. Rc5 Rb8 30. Bd5 Nxd5+ 31. exd5 Rb2 32. h4 Rb4+ 33. Kg5 Rxa4 34. Kh6 Kd6 35. Rb5 Rxa2 36. Kxh7 Rg2 37. Kg7 Rxg3 38. Kxf7 a4 39. Ra5 a3 40. Kf6 Rh3 41. Kxg6 Rxh4 42. Rxa3 Kxd5 43. Ra5+ 1/2-1/2

[Event "*** Titled Tuesday Blitz"]
[Site "Chess.com"]
[Date "2020.10.20"]
[Round "4"]
[White "Oleksandr_Bortnyk"]
[Black "ENajer77"]
[Result "1-0"]
[WhiteElo "2889"]
[BlackElo "2705"]
[TimeControl "180+1"]
[EndTime "10:41:15 PDT"]
[Termination "Oleksandr_Bortnyk won on time"]

1. d4 d5 2. Nc3 Nf6 3. Bg5 Bf5 4. Nf3 Nbd7 5. Nh4 Be6 6. e4 dxe4 7. d5 Bg4 8. Be2 Bxe2 9. Qxe2 g6 10. O-O-O Bg7 11. Nxe4 O-O 12. Rhe1 Re8 13. Nf3 Nxe4 14. Qxe4 Nf6 15. Qc4 h6 16. Bf4 Rc8 17. Ne5 g5 18. d6 cxd6 19. Qxf7+ Kh7 20. Qg6+ Kg8 21. Nf7 Qc7 22. Nxh6+ Kh8 23. Bxg5 Qc4 24. Nf7+ Kg8 25. Nxd6 Qxa2 26. Nxc8 Rxc8 27. Rxe7 Qa1+ 28. Kd2 Qa5+ 29. Ke2 Qb5+ 30. Rd3 Rxc2+ 31. Kd1 1-0

[Event "*** Titled Tuesday Blitz"]
[Site "Chess.com"]
[Date "2020.10.20"]
[Round "4"]
[White "TrimitziosP7"]
[Black "SARGISMV"]
[Result "1-0"]
[WhiteElo "2766"]
[BlackElo "2508"]
[TimeControl "180+1"]
[EndTime "10:41:15 PDT"]
[Termination "TrimitziosP7 won on time"]

1. d4 c5 2. dxc5 Na6 3. Nc3 Nxc5 4. Bf4 Nf6 5. f3 d6 6. e4 g6 7. Qd2 Bg7 8. O-O-O Qa5 9. Kb1 O-O 10. Nge2 b5 11. Nd4 b4 12. Nd5 Nxd5 13. exd5 Qb6 14. Nc6 e5 15. Bh6 a5 16. Bxg7 Kxg7 17. h4 h6 18. g4 a4 19. Qxb4 Qc7 20. Qc3 Bd7 21. Bb5 Qb6 22. Bc4 Bxc6 23. dxc6 Rfd8 24. g5 h5 25. Rxd6 Re8 26. Re1 a3 27. b3 Na4 28.
Qe3 Qb4 29. Rd7 Nc3+ 30. Ka1 Rf8 31. Qxe5+ Kg8 32. Qf6 Nd5 33. c3 Qxc3+ 34. Qxc3 Nxc3 35. Ree7 Rac8 36. c7 1-0

[Event "*** Titled Tuesday Blitz"]
[Site "Chess.com"]
[Date "2020.10.20"]
[Round "4"]
[White "MarkkuH"]
[Black "Synctel"]
[Result "1-0"]
[WhiteElo "2372"]
[BlackElo "1997"]
[TimeControl "180+1"]
[EndTime "10:41:15 PDT"]
[Termination "MarkkuH won on time"]

1. e4 e6 2. d4 d5 3. e5 c5 4. c3 Nc6 5. Nf3 Bd7 6. Be2 Qb6 7. O-O Rc8 8. c4 Nxd4 9. Nxd4 cxd4 10. cxd5 exd5 11.
Nd2 Be6 12. Nb3 Bc5 13. Bd3 Ne7 14. Bd2 O-O 15. Ba5 Qc6 16. Rc1 b6 17. Nxd4 Qb7 18. Bc3 Nc6 19. Nf5 Bxf5 20. Bxf5 Rcd8 21. Qf3 Qe7 22. Rfe1 Nd4 23. Bxd4 Bxd4 24. Bxh7+ Kxh7 25. Qd3+ Kg8 26. Qxd4 Rd7 27. f4 Qh4 28. g3 Qh3 29. Rc3 Rfd8 30. Rec1 Qg4 31. Kf2 g5 32. Qd1 Qh3 33.
Kg1 d4 34. Rf3 g4 35. Rd3 Qh6 36. Rc4 1-0

[Event "*** Titled Tuesday Blitz"]
[Site "Chess.com"]
[Date "2020.10.20"]
[Round "4"]
[White "DinaBelenkaya"]
[Black "mr_gustavo"]
[Result "0-1"]
[WhiteElo "2279"]
[BlackElo "2429"]
[TimeControl "180+1"]
[EndTime "10:41:16 PDT"]
[Termination "mr_gustavo won by resignation"]

1. e4 e5 2. Nf3 Nc6 3. d4 exd4 4. Nxd4 Nf6 5. Nxc6 bxc6 6. Bd3 d5 7. e5 Nd7 8.
Qe2 Be7 9. O-O O-O 10. Nc3 Nc5 11. f4 Nxd3 12. cxd3 c5 13. f5 f6 14. e6 d4 15. Ne4 Bb7 16. Bf4 Qd5 17. g4 c4 18.
Rfe1 cxd3 19. Qxd3 c5 20. Rac1 Rac8 21. b3 a5 22. Rc4 Ba6 23. Nc3 Qc6 24. Ne4 a4 25. Qc2 axb3 26. axb3 Bxc4 27. bxc4 Ra8 28. Rb1 Ra3 29. Nf2 Qf3 30. Bg3 Rfa8 31. Qe4 Qxe4 32.
Nxe4 Ra1 33. Rxa1 Rxa1+ 34. Kf2 Rc1 35. Nd2 g6 36. Bc7 h5 37. h3 hxg4 38. hxg4 gxf5 39. gxf5 Kg7 40. Ke2 Kh6 41. Kd3 Kg5 42. Ne4+ Kxf5 43. Bb6 Rd1+ 44. Kc2 Kxe4 45. Kxd1 Kd3 46. Kc1 Kxc4 47.
Kd2 Kd5 48. Kd3 c4+ 49. Kd2 f5 50. Ke2 Bf6 51. Kf3 Kxe6 52. Ba5 Kd5 53. Kf4 Be5+ 54. Kxf5 c3 55. Kg4 d3 56. Kf3 Kc4 57. Ke3 Bd4+ 58. Ke4 c2 59. Bd2 Bc3 60. Ke3 Bxd2+ 61. Kxd2 Kd4 62.
Kc1 Ke3 63. Kb2 Kd2 64. Ka2 c1=Q 65. Kb3 Qc2+ 66. Ka3 Qb1 67. Ka4 Kc3 0-1

[Event "*** Titled Tuesday Blitz"]
[Site "Chess.com"]
[Date "2020.10.20"]
[Round "4"]
[White "ural58"]
[Black "TrickyFortem"]
[Result "1-0"]
[WhiteElo "2347"]
[BlackElo "2454"]
[TimeControl "180+1"]
[EndTime "10:41:17 PDT"]
[Termination "ural58 won by resignation"]

1. e4 c5 2. b3 Nc6 3. Bb2 e5 4. f4 exf4 5. Qf3 Qh4+ 6. g3 fxg3 7. hxg3 Qg5 8. Bc4 Qg6 9. Ne2 Bd6 10. Nf4 Bxf4 11.
gxf4 Nf6 12. Nc3 Nd4 13. Qd3 Qg4 14. Ne2 d5 15. Bxd5 Nxd5 16. Bxd4 Nb4 17. Qb5+ Bd7 18. Qxc5 a5 19. Rg1 Qf3 20. Rg3 Qh1+ 21. Kf2 Qh2+ 22. Rg2 Qh4+ 23. Kg1 Nc6 24. Bxg7 Rg8 25. Qg5 Qh3 26.
Qg3 Qh5 27. Qg5 Qh3 28. Rg3 Qe6 29. Qf6 Nb4 30. Qxe6+ fxe6 31. c3 Nc6 32. d4 Kf7 33. Be5 Nxe5 34. fxe5 Bb5 35. Rxg8 Rxg8+ 36. Kf2 Bxe2 37.
Kxe2 Rg3 38. c4 h5 39. d5 Rg5 40. Rf1+ Ke8 41. Ke3 Rxe5 42. Kf4 1-0

[Event "*** Titled Tuesday Blitz"]
[Site "Chess.com"]
[Date "2020.10.20"]
[Round "4"]
[White "harvsp123"]
[Black "nurgyulsalimova"]
[Result "1-0"]
[WhiteElo "2459"]
[BlackElo "2646"]
[TimeControl "180+1"]
[EndTime "10:41:18 PDT"]
[Termination "harvsp123 won on time"]

1. d4 Nf6 2. c4 e6 3. Nf3 d5 4.
Bg5 Nbd7 5. e3 Be7 6. Nc3 O-O 7. Qc2 c6 8. cxd5 exd5 9. Bd3 Re8 10. O-O Nf8 11. Ne5 Be6 12. f4 Rc8 13. Rad1 h6 14.
Bh4 Ng4 15. Bxe7 Rxe7 16. Qe2 Nxe5 17. dxe5 f5 18. exf6 gxf6 19. e4 d4 20. Nb1 Bxa2 21.
Nd2 Bf7 22. Qg4+ Kh8 23. Qh4 Nh7 24. Rf3 f5 25. e5 Bg6 26. Rg3 Rg7 27. Qxh6 Qg8 28. Nf3 Qb3 29. Rd2 Rcg8 30. Nxd4 Qb4 31. Nf3 Qc5+ 32. Kf1 Qc1+ 33. Ke2 1-0

[Event "*** Titled Tuesday Blitz"]
[Site "Chess.com"]
[Date "2020.10.20"]
[Round "4"]
[White "tylityli"]
[Black "arminmusovic"]
[Result "0-1"]
[WhiteElo "2231"]
[BlackElo "2567"]
[TimeControl "180+1"]
[EndTime "10:41:18 PDT"]
[Termination "arminmusovic won on time"]

1. d4 d5 2. c4 c5 3. cxd5 e6 4. Nf3 exd5 5. Nc3 Nc6 6. g3 h6 7. Bg2 Nf6 8. O-O a6 9. a3 Be7 10. dxc5 Bxc5 11. b4 Ba7 12. Bb2 O-O 13. h3 Re8 14.
Na4 Ne4 15. Nd4 Bd7 16. e3 Nxd4 17. Bxd4 Bxa4 18. Qxa4 Bxd4 19. exd4 Rc8 20. Rac1 Nc3 21. Rxc3 Rxc3 22. b5 Qd7 23. Rb1 Rc4 24. Qa5 Rxd4 25. bxa6 Ra4 26. Qxd5 Qxd5 27. Bxd5 Rxa6 28.
Rxb7 Rf8 29. Rb3 Ra5 30. Bf3 Rc8 31. Kg2 g6 32. h4 Rc7 33. Rb8+ Kg7 34. Rb3 Rca7 35.
Re3 Rxa3 36. Re4 R3a6 37. Rf4 Rf6 38. Re4 Ra2 39. Re3 Rb2 40. Re4 Rb3 41. Be2 Ra3 42.
Kg1 Ra5 43. Kg2 Raf5 44. f4 Re6 0-1